 Dungeon Crawl Stone Soup version 0.20-a0-548-g4f8a798 (webtiles) character file.

383 GlassEater the Covert (level 6, -9/56 HPs)
             Began as a Naga Monk on Feb 1, 2017.
             Mangled by an ogre
             ... wielding a +0 giant club
              (18 damage)
             ... on level 4 of the Dungeon.
             The game lasted 00:08:11 (3560 turns).

GlassEater the Covert (Naga Monk)                   Turns: 3560, Time: 00:08:12

Health: -9/56      AC:  6    Str: 13      XL:     6   Next: 76%
Magic:  6/6        EV: 10    Int: 15 (17) God:
Gold:   278        SH:  0    Dex: 15 (16) Spells: 5/5 levels left

rFire    . . .     SeeInvis +   a - +1 dagger (flame)
rCold    . . .     Gourm    .   s - +2 troll leather armour {Purgy}
rNeg     . . .     Faith    .   (no shield)
rPois    +         Spirit   .   w - +0 hat
rElec    .         Reflect  .   (no cloak)
rCorr    .         Harm     .   (no gloves)
MR       .....                  (no barding)
Stlth    ++++......             (no amulet)
Regen    0.6/turn               r - +3 ring of intelligence
                                h - +4 ring of intelligence

@: very slow
A: see invisible, deformed body, poison resistance, slowness 2, slow metabolism
1, spit poison 1, AC +2
a: Spit Poison


You were on level 4 of the Dungeon.
You were hungry.

You visited 1 branch of the dungeon, and saw 4 of its levels.

You collected 278 gold pieces.

Inventory:

Hand Weapons
 a - a +1 dagger of flaming (weapon)
 b - a +1 dagger of electrocution
Missiles
 d - 168 stones
 o - 3 tomahawks of returning (quivered)
 v - 4 tomahawks
Armour
 s - a +2 troll leather armour (worn) {Purgy}
 w - a +0 hat (worn)
Jewellery
 h - a +4 ring of intelligence (left hand)
 r - a +3 ring of intelligence (right hand)
Scrolls
 e - a scroll of blinking
 i - 6 scrolls of teleportation
 n - 2 scrolls of fear {unknown}
 t - 2 scrolls of immolation {unknown}
 u - 3 scrolls of recharging {unknown}
Potions
 p - 2 potions of resistance
 x - a potion of invisibility {unknown}
Comestibles
 c - 3 bread rations
 f - a meat ration
 g - 2 royal jellies
 m - 16 fruits


   Skills:
 - Level 3.0 Fighting
 - Level 3.0 Short Blades
 - Level 2.4 Dodging
 + Level 10.7 Stealth


You had 5 spell levels left.
You didn't know any spells.

Dungeon Overview and Level Annotations

Branches:
Dungeon (4/15)
 Temple: D:4-7

Altars:
Gozag


Innate Abilities, Weirdness & Mutations

You cannot wear boots.
Your serpentine skin is tough. (AC +2)
You have supernaturally acute eyesight. (SInv)
Armour fits poorly on your strangely shaped body.
Your system is resistant to poisons. (rPois)
You cover ground very slowly.
You have a slow metabolism.
You can spit poison.


Message History

The tomahawk of returning fails to return to your pack!
You have got your breath back.
You hit the ogre. You burn the ogre.
The ogre is heavily wounded.
The ogre hits you with a giant club!!
You hit the ogre but do no damage.
The ogre is heavily wounded.
You hit the ogre but do no damage.
The ogre is heavily wounded.
The ogre looks more healthy.
The ogre hits you with a giant club!!
* * * LOW HITPOINT WARNING * * *
You hit the ogre. You burn the ogre.
The ogre is severely wounded.
You hit the ogre. You burn the ogre.
The ogre is severely wounded.
The ogre misses you.
You hit the ogre. You burn the ogre.
The ogre is almost dead.
The ogre hits you with a giant club!!
You die...

#..##.#.. ####
#..##.#..
..######........ # #
#.##.........###
#.#..###.##.#########
...........#
#..###.####
####..###.#
...((.O@..#
###########


You could see an ogre.

Vanquished Creatures
  A phantom (D:4)
  Purgy (D:3)
  An orc priest (D:3)
  Jessica (D:3)
  A worker ant (D:4)
  3 adders
  3 oozes
  An adder skeleton (D:4)
  4 worms
  A dart slug (D:1)
  A leopard gecko (D:3)
  8 orcs (D:3)
  A ball python (D:3)
  2 giant cockroaches (D:3)
  10 goblins
  5 hobgoblins
  10 bats
  3 frilled lizards
  8 kobolds
  7 rats
72 creatures vanquished.

Notes
Turn   | Place    | Note
-------+----------+-------------------------------------------
     0 | D:1      | GlassEater the Naga Monk began the quest for the Orb.
     0 | D:1      | Reached XP level 1. HP: 21/21 MP: 1/1
   381 | D:1      | Reached skill level 4 in Stealth
   410 | D:1      | Reached XP level 2. HP: 27/28 MP: 2/2
  1050 | D:1      | Reached skill level 5 in Stealth
  1266 | D:1      | Reached XP level 3. HP: 32/34 MP: 3/3
  1391 | D:2      | Reached skill level 6 in Stealth
  1615 | D:2      | Found an opulent altar of Gozag.
  1666 | D:2      | Reached XP level 4. HP: 42/42 MP: 4/4
  1894 | D:2      | Reached skill level 7 in Stealth
  2108 | D:3      | Noticed Purgy
  2409 | D:3      | Killed Purgy
  2409 | D:3      | Reached skill level 8 in Stealth
  2409 | D:3      | Reached XP level 5. HP: 38/49 MP: 5/5
  2662 | D:3      | Reached skill level 9 in Stealth
  2761 | D:3      | Reached XP level 6. HP: 52/56 MP: 6/6
  2907 | D:3      | Noticed Jessica
  2916 | D:3      | Killed Jessica
  3404 | D:4      | Reached skill level 10 in Stealth
  3442 | D:4      | Noticed a phantom
  3444 | D:4      | Killed a phantom
  3560 | D:4      | Mangled by an ogre

Vault maps used:
D:1:      matt_arrival_los_fun
D:2:      first_bread, dk_vineyard_3, grunt_gozag_breadcrumbs
D:3:      kennysheep_six_static_rooms, lightli_sewer_entry_pipes, uniq_jessica,
          uniq_purgy
D:4:      minmay_misc_feat_rows, kennysheep_generic_room_16

Skill      XL: |  1  2  3  4  5  6 |
---------------+-------------------+-----
Stealth        | 4 5 6 8 9 10 | 10.7
Fighting       | |  3.0
Short Blades   | |  3.0
Dodging        | |  2.4

Action                   |  1- 3 |  4- 6 || total
-------------------------+-------+-------++-------
Melee: Short sword       |    50 |       ||    50
       Dagger            |    64 |   162 ||   226
Throw: Tomahawk          |       |     2 ||     2
 Abil: Spit Poison       |       |     4 ||     4
  Use: Scroll            |       |     8 ||     8
       Potion            |       |     3 ||     3
 Stab: Sleeping          |     3 |    15 ||    18
  Eat: Chunk             |     1 |     5 ||     6
Armor: Robe              |    23 |    16 ||    39
       Troll leather arm |       |    20 ||    20
Dodge: Dodged            |    71 |    74 ||   145
